 Dungeon Crawl Stone Soup version 0.29.1-1-gd02db6906a (webtiles) character file.

Game seed: 11518487342098946642

11014 Metae the Fighter (level 11, -2/102 HPs)
             Began as a Minotaur Fighter on Sept 27, 2022.
             Was an Elder of Trog.
             Slain by a yak (13 damage)
             ... led by a torpor snail
             ... on level 1 of the Lair of Beasts.
             The game lasted 00:46:59 (13781 turns).

Metae the Fighter (Minotaur Fighter)               Turns: 13781, Time: 00:47:00

Health: -2/102     AC: 12    Str: 25    XL:     11   Next: 43%
Magic:  10/10      EV: 22    Int:  5    God:    Trog [****..]
Gold:   822        SH: 12    Dex: 10    Spells: 10/10 levels left

rFire   . . .      SeeInvis .   a - +0 trident (freeze)
rCold   . . .      Faith    .   c - +2 kite shield
rNeg    . . .      Spirit   .   w - +0 chain mail
rPois   .          Reflect  .   (helmet restricted)
rElec   .          Harm     .   (no cloak)
rCorr   .          Rampage  .   (no gloves)
Will    +....                   (no boots)
Stlth   ..........              p - amulet of the acrobat
HPRegen 0.27/turn               y - ring of willpower
MPRegen 0.12/turn               L - +4 ring of slaying

@: lethally poisoned (-2 -> -5), acrobatic, slowed, very slow
A: horns 2, retaliatory headbutt
a: Renounce Religion, Berserk, Trog's Hand, Brothers in Arms


You were on level 1 of the Lair of Beasts.
You worshipped Trog.
Trog was greatly pleased with you.
You visited 3 branches of the dungeon, and saw 13 of its levels.

You collected 822 gold pieces.

Inventory:

Hand Weapons
 a - a +0 trident of freezing (weapon)
 b - a +0 sling
 E - a +2 whip of electrocution
 M - a +0 arbalest
 Q - a +2 trident of flaming
Missiles
 f - 113 stones (quivered)
 m - 3 silver boomerangs
 n - 16 boomerangs
 C - 9 throwing nets
Armour
 c - a +2 kite shield (worn)
 w - a +0 chain mail (worn)
Jewellery
 p - an amulet of the acrobat (around neck)
 s - a ring of positive energy
 y - a ring of willpower (left hand)
 B - a +6 ring of dexterity
 L - a +4 ring of slaying (right hand)
 N - a +4 ring of protection
 R - an amulet of faith
Wands
 o - a wand of digging (6)
 F - a wand of paralysis (13)
 I - a wand of polymorph (7)
Scrolls
 e - 2 scrolls of fear
 h - 5 scrolls of teleportation
 j - 4 scrolls of butterflies
 l - 6 scrolls of amnesia
 r - 3 scrolls of immolation
 v - 6 scrolls of vulnerability
 x - 2 scrolls of summoning
 z - a scroll of enchant armour {unknown}
 D - 2 scrolls of poison
 G - 2 scrolls of noise {unknown}
 K - a scroll of blinking {unknown}
 S - a scroll of magic mapping {unknown}
Potions
 d - 2 potions of might
 g - 2 potions of degeneration
 i - a potion of berserk rage {unknown}
 k - 3 potions of flight {unknown}
 q - 2 potions of mutation {unknown}
 t - a potion of lignification {unknown}
 u - 13 potions of curing
 A - 2 potions of haste {unknown}
 H - a potion of attraction {unknown}
 J - a potion of ambrosia {unknown}
 O - 4 potions of heal wounds {unknown}
 P - a potion of brilliance {unknown}
 U - a potion of magic {unknown}


   Skills:
 + Level 11.1 Fighting
 + Level 10.7 Polearms
 + Level 5.3 Throwing
 + Level 11.0 Armour
 - Level 8.9 Shields
 + Level 4.8 Evocations


You had 10 spell levels left.
You didn't know any spells.
Your spell library contained the following spells:

 Spells                   Type           Power      Damage    Failure   Level
 Ensorcelled Hibernation  Hex/Ice        0%         N/A       100%        2
 Passwall                 Tmut/Erth      0%         N/A       100%        2
 Ignite Poison            Fire/Tmut/Pois 0%         N/A       100%        3
 Mephitic Cloud           Conj/Pois/Air  0%         N/A       100%        3
 Swiftness                Air            0%         N/A       100%        3
 Freezing Cloud           Conj/Ice/Air   0%         6-21      100%        5


Dungeon Overview and Level Annotations

Branches:
Dungeon (10/15)            Temple (1/1) D:4            Lair (2/5) D:8
  Swamp: Lair:2-3    Shoals: Lair:2-3     Snake: Lair:2-3    Spider: Lair:2-3
    Orc: D:9-12

Altars:
Ashenzari
Cheibriados
Dithmenos
Elyvilon
Fedhas
Gozag
Hepliaklqana
Kikubaaqudgha
Makhleb
Nemelex Xobeh
Okawaru
Qazlal
Ru
Sif Muna
Trog
Uskayaw
Vehumet
Wu Jian
Xom
Yredelemnul
Zin
The Shining One


Innate Abilities, Weirdness & Mutations

You have a pair of horns on your head.
You reflexively headbutt those who attack you in melee.


Message History

You puncture the yak! You freeze the yak.
You kill the yak!
Trog accepts your kill. The yak gores you! The yak closely misses you.
You completely miss the torpor snail. You headbutt the torpor snail.
The torpor snail is lightly wounded.
You block the torpor snail's attack. The yak barely misses you.
You puncture the torpor snail! You freeze the torpor snail.
The torpor snail is moderately wounded.
The torpor snail bites you but does no damage.
The yak completely misses you.
You hit the torpor snail but do no damage.
The torpor snail is moderately wounded.
The yak gores you but does no damage. The yak gores you.
The torpor snail bites you! The yak completely misses you. x2
The yak gores you but does no damage.
You hit the torpor snail. You freeze the torpor snail.
The torpor snail is moderately wounded.
You block the torpor snail's attack. The yak gores you! x2
The yak barely misses you. You block the yak's attack.
The cane toad stings you!
You are poisoned.
The cane toad poisons you! The yak misses you.
You block the cane toad's attack. The yak attacks as you move away!
The yak gores you!
* * * LOW HITPOINT WARNING * * *
You feel extremely sick. The yak completely misses you.
The yak attacks as you move away! The yak gores you but does no damage.
You feel very sick.
Something stings the fungus!
The fungus begins to die.
The fungus is poisoned.
Something poisons the fungus!
You feel very sick. The yak barely misses you.
You feel very sick. The yak attacks as you move away! The yak misses you.
You feel sick.
A nearby fungus withers and dies.
You block the yak's attack. The yak gores you!
You die...

.##......###
.........#....#.......#....###
..............#............##.
#............#..........†.#..
#.......#....#.......P....##.
#.......#....#.......#....###
........#............+....##.
..####...##..Y.#+#..##.........
......†Y...FwY@................
...............................
#################.#.#.#.#####.#
######### ###


You could see a torpor snail, 3 yaks and a cane toad.

Vanquished Creatures
  2 two-headed ogres (D:10)
  Pikel (D:5)
  A black mamba (Lair:1)
  2 cane toads (Lair:1)
  A komodo dragon (Lair:2)
  A troll (D:10)
  A hornet (D:8)
  2 vampires (D:10)
  Sigmund (D:4)
  2 wraiths
  4 wyverns (D:8)
  10 yaks
  A steam dragon (D:9)
  A basilisk (D:8)
  5 water moccasins
  2 orc warriors (D:8)
  2 ice beasts
  2 ogres
  2 sky beasts (D:8)
  2 centaurs
  2 kobold brigands
  Blork the orc (D:6)
  3 necrophages
  5 gnoll sergeants
  5 bullfrogs
  6 scorpions
  5 wights (D:8)
  3 howler monkeys
  3 jellies
  9 hounds
  7 orc priests
  A gnoll bouda (D:6)
  15 orc wizards
  2 iguanas
  42 gnolls
  7 adders
  A shadow imp (D:5)
  A white imp (D:6)
  2 ufetubi
  4 worms
  A dart slug (D:3)
  38 orcs
  9 bats
  13 endoplasms
  3 giant cockroaches
  6 goblins
  8 hobgoblins
  2 jackals (D:6)
  11 kobolds
  4 quokkas
  6 ball pythons
  7 rats
277 creatures vanquished.

Vanquished Creatures (others)
  10 fungi
  14 plants
24 creatures vanquished.

Grand Total: 301 creatures vanquished

Notes
Turn   | Place    | Note
-------+----------+-------------------------------------------
     0 | D:1      | Metae the Minotaur Fighter began the quest for the Orb.
     0 | D:1      | Reached XP level 1. HP: 19/19 MP: 0/0
   299 | D:1      | Reached XP level 2. HP: 27/27 MP: 1/1
  1440 | D:2      | Reached XP level 3. HP: 33/33 MP: 2/2
  1604 | D:2      | Found a faded altar of an unknown god.
  2414 | D:3      | Reached XP level 4. HP: 35/41 MP: 3/3
  2683 | D:4      | Noticed Sigmund
  2928 | D:4      | Reached XP level 5. HP: 45/47 MP: 4/4
  2930 | D:4      | Killed Sigmund
  2931 | D:4      | Reached skill level 5 in Fighting
  2931 | D:4      | Reached skill level 5 in Armour
  2931 | D:4      | Reached skill level 5 in Shields
  2931 | D:4      | Reached XP level 6. HP: 53/56 MP: 5/5
  3036 | D:4      | Found a staircase to the Ecumenical Temple.
  3036 | D:4      | Noticed an ice beast
  3062 | D:4      | Killed an ice beast
  3066 | D:4      | Reached skill level 5 in Polearms
  3066 | D:4      | Reached XP level 7. HP: 21/62 MP: 6/6
  3311 | Temple   | Entered the Ecumenical Temple
  3726 | D:4      | Found a sparkling altar of Nemelex Xobeh.
  3995 | Temple   | Became a worshipper of Trog the Wrathful
  4051 | D:5      | Entered Level 5 of the Dungeon
  4541 | D:5      | Noticed Pikel
  4549 | D:5      | Killed Pikel
  4550 | D:5      | Reached XP level 8. HP: 61/73 MP: 7/7
  5164 | D:6      | Found a burning altar of Makhleb.
  5165 | D:6      | Found a basalt altar of Yredelemnul.
  5165 | D:6      | Found a glowing silver altar of Zin.
  5167 | D:6      | Found a broken altar of Ashenzari.
  5167 | D:6      | Found a snail-covered altar of Cheibriados.
  5169 | D:6      | Found a glowing golden altar of the Shining One.
  5169 | D:6      | Found a radiant altar of Vehumet.
  5170 | D:6      | Found an iron altar of Okawaru.
  5222 | D:6      | Found a shimmering blue altar of Sif Muna.
  5258 | D:6      | Reached * piety under Trog
  5431 | D:6      | Noticed Blork the orc
  5437 | D:6      | Killed Blork the orc
  5438 | D:6      | Reached XP level 9. HP: 74/81 MP: 8/8
  6128 | D:6      | Reached ** piety under Trog
  6399 | D:6      | Paralysed by a gnoll for 5 turns
  6589 | D:6      | Found an opulent altar of Gozag.
  7285 | D:7      | Reached skill level 1 in Throwing
  7286 | D:7      | Reached skill level 1 in Evocations
  7670 | D:8      | Reached *** piety under Trog
  7844 | D:8      | Found a staircase to the Lair.
  7859 | D:8      | Reached XP level 10. HP: 87/91 MP: 9/9
  8754 | D:8      | Reached skill level 10 in Fighting
  8929 | D:8      | Reached skill level 10 in Armour
 10621 | D:9      | Reached **** piety under Trog
 11232 | D:8      | Identified the +4 rapier of the Charming Gods {vorpal,
                  | Str+3}
 11309 | D:10     | Entered Level 10 of the Dungeon
 11318 | D:10     | Noticed a two-headed ogre
 11327 | D:10     | Killed a two-headed ogre
 11328 | D:10     | Reached skill level 10 in Polearms
 11978 | D:10     | Noticed a two-headed ogre
 11989 | D:10     | Killed a two-headed ogre
 11990 | D:10     | Reached XP level 11. HP: 88/101 MP: 10/10
 12874 | Lair:1   | Entered Level 1 of the Lair of Beasts
 13013 | Lair:1   | Reached skill level 5 in Throwing
 13702 | Lair:1   | You fall into a shaft and drop 1 floor!
 13781 | Lair:1   | Slain by a yak

Illustrated notes

Levels and vault maps discovered:
D:1:      roderic_octagonal_star, layout_basic, serial_corexii_hall,
          corexii_hall_statues_i, chequers_hall_statues_y
D:2:      minmay_general_purpose_star, layout_loops_ring,
          ebering_ecumenical_altar_box
D:3:      layout_basic
D:4:      layout_loops_ring, nemelex_dance_club_becter,
          minmay_temple_entry_drinking_statues, uniq_sigmund
D:5:      layout_loops_ring, uniq_pikel
D:6:      layout_cave_pools, nicolae_gozag_seed_capital,
          grunt_temple_overflow_open, mainiacjoe_overflow_concentric_impassable,
          serial_gnoll_camp, gnoll_camp_huts_moat, gnoll_camp_mini_house,
          gnoll_camp_mini_hut, gnoll_camp_mini_loothouse, uniq_blork_the_orc
D:7:      layout_loops_ring
D:8:      layout_gridville, minmay_lair_entry_grove, minivault_21,
          minmay_curled_crystal
D:9:      layout_long_grid
D:10:     layout_rooms
Temple:   nicolae_temple_ecumenical_triangle
Lair:1:   layout_regular_city, uniq_erica
Lair:2:   layout_regular_city

Skill      XL: |  1  2  3  4  5  6  7  8  9 10 11 |
---------------+----------------------------------+-----
Fighting       | 4 5 7 9 10 11 | 11.1
Armour         | 4 5 7 9 10 11 | 11.0
Shields        | 4 5 7 8 |  8.9
Polearms       | 3 4 5 6 7 8 10 | 10.7
Throwing       | 1 4 5 |  5.3
Evocations     | 1 4 |  4.8

Action                   |  1- 3 |  4- 6 |  7- 9 | 10-12 || total
-------------------------+-------+-------+-------+-------++-------
Melee: Trident           |    84 |    52 |   339 |   237 ||   712
       Headbutt          |    10 |     9 |    44 |    62 ||   125
Throw: Stone             |       |       |     4 |    10 ||    14
Invok: Trog's Hand       |       |       |       |     1 ||     1
Evoke: Wand              |       |       |       |     1 ||     1
  Use: Scroll            |     7 |       |     4 |     2 ||    13
       Potion            |       |     1 |       |       ||     1
Armor: Scale mail        |    32 |    17 |    17 |       ||    66
       Chain mail        |       |       |    83 |    84 ||   167
Dodge: Dodged            |    44 |    19 |   162 |    94 ||   319
Block: Buckler           |    15 |    16 |    58 |       ||    89
       Kite shield       |       |       |    56 |   159 ||   215
